 Dungeon Crawl Stone Soup version 0.31.0-9-g3a7656b989 (webtiles) character file.

Game seed: 6369822178941805340

276 qw the Shooter (level 6, -4/30 HPs)
             Began as a Spriggan Hunter on Feb 2, 2024.
             Slain by Duvessa
             ... wielding a +2 rapier of venom
              (11 damage)
             ... on level 4 of the Dungeon.
             The game lasted 00:00:08 (2478 turns).

qw the Shooter (Spriggan Hunter)                    Turns: 2478, Time: 00:00:09

Health: -4/30      AC:  3    Str:  7    XL:     6   Next: 4%
Magic:  7/7        EV: 21    Int: 10    God:
Gold:   53         SH:  0    Dex: 21    Spells: 5/5 levels left

rFire   . . .        a - +1 shortbow (flame)
rCold   . . .        (shield currently unavailable)
rNeg    . . .        c - +0 robe
rPois   .            (helmet restricted)
rElec   .            g - +0 cloak
rCorr   .            (gloves unavailable)
SInv    +            (boots unavailable)
Will    +....        (no amulet)
Stlth   ++           (no ring)
HPRegen 0.25/turn    (no ring)
MPRegen 0.10/turn

%: no passive effects
@: lethally poisoned (-4 -> -7), very quick
A: very small, no large weapons, unfitting armour, see invisible, speed 3
a: no special abilities


You were on level 4 of the Dungeon.
You visited 1 branch of the dungeon, and saw 4 of its levels.

You collected 53 gold pieces.


Innate Abilities, Weirdness & Mutations

You are very small and have problems with some larger weapons.
You are too small for most types of armour.
You have supernaturally acute eyesight. (SInv)
You cover ground extremely quickly. (Speed+++)


   Skills:
 - Level 2.0 Fighting
 - Level 6.2 Ranged Weapons
 + Level 5.3 Dodging
 - Level 1.5 Stealth


You had 5 spell levels left.
You didn't know any spells.
Your spell library was empty.

Inventory:

Hand Weapons
 a - a +1 shortbow of flaming (weapon)
Armour
 c - a +0 robe (worn)
 g - a +0 cloak (worn)
Potions
 b - 2 potions of curing
 d - a potion of resistance
 k - a potion of mutation
 l - a potion of ambrosia {unknown}

Dungeon Overview and Level Annotations

Branches:
Dungeon (4/15)
 Temple: D:4-7

Altars:
Ru

Annotations:
D:4 Duvessa


Message History

Duvessa is lightly wounded.
You shoot an arrow.
The arrow hits Duvessa but does no damage.
Duvessa is lightly wounded.
You shoot an arrow.
The arrow hits Duvessa but does no damage.
Duvessa is lightly wounded.
You shoot an arrow. The arrow barely misses Duvessa.
You shoot an arrow. The arrow hits Duvessa.
The arrow burns Duvessa.
Duvessa is moderately wounded.
Duvessa hits you with a +2 rapier of venom!
You are poisoned.
You shoot an arrow. The arrow barely misses Duvessa.
You feel very sick. Duvessa closely misses you.
You shoot an arrow.
The arrow hits Duvessa but does no damage.
Duvessa is moderately wounded.
You feel sick. Duvessa closely misses you.
You shoot an arrow. The arrow hits Duvessa.
The arrow burns Duvessa.
Duvessa is moderately wounded.
You feel sick. Duvessa misses you.
You shoot an arrow. The arrow hits Duvessa!
The arrow burns Duvessa.
Duvessa is severely wounded.
You feel sick. Duvessa closely misses you.
You shoot an arrow. The arrow closely misses Duvessa.
You feel sick. Duvessa misses you.
Duvessa hits you with a +2 rapier of venom.
You are more poisoned.
You shoot an arrow. The arrow hits Duvessa.
The arrow burns Duvessa.
Duvessa is almost dead.
You feel sick. Duvessa misses you.
You shoot an arrow. The arrow closely misses Duvessa.
You feel sick. Duvessa misses you.
You shoot an arrow.
The arrow hits Duvessa but does no damage.
Duvessa is almost dead.
You feel sick.
Duvessa hits you with a +2 rapier of venom!
You die...

#........# #........#
#........# #........#
#.##+##### #.##.###
####......# .##
#.......#+######.....
#.####.......@e....~~
# #.....[.<.....~#
+...........#.~#
#......(....# #
#############


You could see Duvessa.

Vanquished Creatures
  A water moccasin (D:4)
  A bombardier beetle (D:3)
  A sleepcap (D:4)
  5 adders
  2 dart slugs
  2 ribbon worms (D:2)
  An orc (D:3)
  8 endoplasms
  3 giant cockroaches
  4 goblins
  10 hobgoblins
  3 jackals (D:2)
  A quokka (D:1)
  5 ball pythons
  2 bats
  5 kobolds
  6 rats
60 creatures vanquished.

Notes
Turn   | Place    | Note
-------+----------+-------------------------------------------
     0 | D:1      | qw the Spriggan Hunter began the quest for the Orb.
     0 | D:1      | Reached XP level 1. HP: 10/10 MP: 2/2
     0 | D:1      | 0 ||| qw: Version: 0.3-a-155-g5e7d8dd
     0 | D:1      | 0 ||| qw: Game counter: 2624
     0 | D:1      | 0 ||| qw: Melee chars always use a shield: true
     0 | D:1      | 0 ||| qw: God list: Okawaru
     0 | D:1      | 0 ||| qw: Allow faded altars: false
     0 | D:1      | 0 ||| qw: Do Orc after clearing Dungeon:15 true
     0 | D:1      | 0 ||| qw: Do second Lair branch before Depths: true
     0 | D:1      | 0 ||| qw: Lair rune preference: random
     0 | D:1      | 0 ||| qw: Goals: Normal
     0 | D:1      | 0 ||| PLANNING D:1-11
    19 | D:1      | Reached skill level 3 in Dodging
    61 | D:1      | Found a faded altar of an unknown god.
   294 | D:1      | Reached XP level 2. HP: 8/14 MP: 3/3
   879 | D:1      | 879 ||| READING scroll labelled IGROARCHE PUSOHA.
   879 | D:1      | 879 ||| ENCHANTING +0 shortbow.
   880 | D:1      | 880 ||| DROPPING scroll of butterflies.
   987 | D:2      | Reached XP level 3. HP: 18/18 MP: 4/4
  1260 | D:2      | Reached skill level 5 in Ranged Weapons
  1334 | D:2      | Found a sacrificial altar of Ru.
  1493 | D:2      | 1493 ||| UPGRADING to +0 cloak.
  1498 | D:2      | 1498 ||| READING scroll labelled ITWIKO BA NIMA.
  1499 | D:2      | 1499 ||| READING scroll labelled YRYQEN SUHIEZXI.
  1499 | D:2      | 1499 ||| BRANDING +1 shortbow.
  1500 | D:2      | 1500 ||| DRINKING 3 sedimented black potions.
  1534 | D:3      | 1534 ||| STAIRDANCE
  1538 | D:3      | 1538 ||| STAIRDANCE
  1545 | D:3      | Reached XP level 4. HP: 22/22 MP: 5/5
  1602 | D:3      | Identified the +7 dagger of Ytusypav {heavy, rC+}
  2149 | D:3      | Reached XP level 5. HP: 26/26 MP: 6/6
  2152 | D:3      | 2152 ||| DROPPING +0 hat of intelligence.
  2153 | D:3      | 2153 ||| READING scroll labelled NAAGGO XAIVYZA.
  2154 | D:3      | 2154 ||| READING scroll labelled BEIBLI CISA.
  2157 | D:3      | 2157 ||| READING 2 scrolls labelled QUUREKL UDOEHIX.
  2157 | D:3      | 2157 ||| IDENTIFYING metallic black potion
  2158 | D:3      | 2158 ||| READING scroll of identify.
  2158 | D:3      | 2158 ||| IDENTIFYING fizzy orange potion
  2159 | D:3      | 2159 ||| READING scroll labelled INLUKHL EPHENG.
  2161 | D:3      | 2161 ||| Stepping ~*~*~tactically~*~*~ (cloud).
  2295 | D:4      | Noticed a water moccasin
  2299 | D:4      | Killed a water moccasin
  2300 | D:4      | Reached skill level 6 in Ranged Weapons
  2455 | D:4      | Reached XP level 6. HP: 30/30 MP: 7/7
  2464 | D:4      | Noticed Duvessa
  2477 | D:4      | HP: 7/30 [poisoned by Duvessa]
  2478 | D:4      | Slain by Duvessa

Levels and vault maps discovered:
D:1:      saegor_arrival_simple_b, layout_basic,
          hellmonk_ecumenical_altar_crossroads, minmay_misc_feat_diagonals
D:2:      layout_basic, basic_altar
D:3:      layout_loops_cross
D:4:      layout_basic, kennysheep_boxes, uniq_duvessa

Skill      XL: |  1  2  3  4  5 |
---------------+----------------+-----
Dodging        | 3 4 5 |  5.3
Ranged Weapons | 5 6 |  6.2
Fighting       | 2 |  2.0
Stealth        | |  1.5

Action                     |  1- 3 |  4- 6 || total
---------------------------+-------+-------++-------
   Fire: Shortbow          |    95 |    68 ||   163
    Use: Scroll            |     3 |     5 ||     8
         Potion            |     1 |       ||     1
 Armour: Robe              |     4 |     5 ||     9
  Dodge: Dodged            |    20 |    13 ||    33

Table legend:
 A = Non-vault XP
 B = Vault XP
 C = Vault XP percentage of total XP
 D = Non-vault monster count
 E = Vault monster count
 F = Vault count percentage of total count
                 A         B        C        D         E       F
            +---------+---------+-------+---------+---------+-------
      Total |     395 |       0 |   0.0 |      60 |       0 |   0.0
            +---------+---------+-------+---------+---------+-------
        D:1 |      29 |       0 |   0.0 |      15 |       0 |   0.0
        D:2 |      67 |       0 |   0.0 |      24 |       0 |   0.0
        D:3 |     111 |       0 |   0.0 |      19 |       0 |   0.0
        D:4 |     188 |       0 |   0.0 |       2 |       0 |   0.0
            +---------+---------+-------+---------+---------+-------
